 Dungeon Crawl Stone Soup version 0.29-a0-8-g0446c0dae4 (webtiles) character file.

Game seed: 4468627499011194042

28 testman the Grave Robber (level 3, 0/25 HPs)
             Began as a Gnoll Wanderer on Jan 27, 2022.
             Was a Follower of Trog.
             Shot with an arrow by a centaur (6 damage)
             ... on level 3 of the Dungeon.
             The game lasted 00:05:00 (2038 turns).

testman the Grave Robber (Gnoll Wanderer)           Turns: 2038, Time: 00:05:00

Health: 0/25       AC:  9    Str: 12    XL:     3   Next: 14%
Magic:  7/7        EV:  6    Int: 14    God:    Trog [*.....]
Gold:   72         SH:  0    Dex:  9    Spells: 7/7 levels left

rFire   . . .      SeeInvis .   l - +0 mace
rCold   . . .      Faith    .   (no shield)
rNeg    . . .      Spirit   .   c - +0 chain mail
rPois   .          Reflect  .   (no helmet)
rElec   .          Harm     .   (no cloak)
rCorr   .          Rampage  .   (no gloves)
Will    .....                   (no boots)
Stlth   ..........              (no amulet)
HPRegen 0.08/turn               (no ring)
MPRegen 0.10/turn               (no ring)

@: no status effects
A: fangs 1, strong nose, distributed training
a: Renounce Religion, Berserk


You were on level 3 of the Dungeon.
You worshipped Trog.
Trog was aware of your devotion.
You visited 1 branch of the dungeon, and saw 3 of its levels.

You collected 72 gold pieces.

Inventory:

Hand Weapons
 d - a +0 hunting sling
 l - a +0 mace (weapon)
Missiles
 e - 44 stones (quivered)
 h - 46 bolts
 j - 10 arrows
Armour
 c - a +0 chain mail (worn)
Scrolls
 a - a scroll of noise {unknown}
 b - a scroll of fog
 k - 3 scrolls of enchant armour {unknown}
Potions
 f - a potion of lignification {unknown}
 g - a potion of flight {unknown}
 i - 3 potions of curing {unknown}


   Skills:
 + Level 0.6 Fighting
 + Level 0.6 Short Blades
 + Level 0.6 Long Blades
 + Level 0.6 Axes
 + Level 0.6 Maces & Flails
 + Level 0.6 Polearms
 + Level 0.6 Staves
 + Level 0.6 Slings
 + Level 0.6 Bows
 + Level 0.6 Crossbows
 + Level 2.5 Throwing
 + Level 4.5 Armour
 + Level 2.5 Dodging
 + Level 2.3 Stealth
 + Level 0.6 Shields
 + Level 0.6 Unarmed Combat
 + Level 2.8 Spellcasting
 + Level 0.4 Conjurations
 + Level 0.4 Hexes
 + Level 0.4 Summonings
 + Level 5.4 Necromancy
 + Level 0.4 Translocations
 + Level 0.4 Transmutations
 + Level 0.4 Fire Magic
 + Level 0.4 Ice Magic
 + Level 0.4 Air Magic
 + Level 0.4 Earth Magic
 + Level 0.4 Poison Magic
 + Level 2.6 Invocations
 + Level 0.6 Evocations


You had 7 spell levels left.
You didn't know any spells.
Your spell library contained the following spells:

 Spells                   Type           Power      Damage    Failure   Level
 Sublimation of Blood     Necr           17%        N/A       75%         2
 Corpse Rot               Necr/Air       20%        N/A       97%         2


Dungeon Overview and Level Annotations

Branches:
Dungeon (3/15)

Altars:
Hepliaklqana
Trog

Shops:
D:1 [


Innate Abilities, Weirdness & Mutations

You have very sharp teeth.
Your uncanny sense of smell can sniff out nearby items.
Your experience applies equally to all skills.


Message History

Found a stone staircase leading down.
You open the door.
A goblin comes into view. It is wielding a +0 club.
Found 8 gold pieces.
There is an open door here.
You sock the goblin!
You kill the goblin!
Trog accepts your kill.
No target in view!
No target in view!
Things that are here:
a +0 club; a goblin corpse You now have 72 gold pieces (gained 8).
There is an open door here.
You open the door.
There is an open door here.
Done exploring.
Key pressed, stopping explore.
(D) Dungeon
Where to? (Enter - D:2, ? - help)
You open the door.
There is an open door here.
There is a stone staircase leading down here.
You climb downwards.
There is a stone staircase leading up here.
A centaur comes into view.
Found an escape hatch in the floor.
The centaur shouts!
You hear a shout! x2
The centaur wields a +0 shortbow.
The centaur shoots an arrow.
The arrow hits you.
A necrophage comes into view.
The centaur shoots an arrow.
The arrow hits you.
You hear a shout!
The centaur shoots an arrow.
The arrow hits you!
The centaur shoots an arrow.
The arrow hits you.
* * * LOW HITPOINT WARNING * * *
The centaur shoots an arrow.
The arrow closely misses you.
The centaur shoots an arrow.
The arrow hits you but does no damage.
The centaur shoots an arrow.
The arrow hits you.
You die...

#################
#.......c.....c.#
....############.#
... #.# >. #.# .
#.# #.# #@# #.####
#....# ###.## #.#
#.# #.# ∆ #.# #.#


You could see a centaur.

Vanquished Creatures
  4 bats
  An endoplasm (D:2)
  2 giant cockroaches (D:1)
  2 goblins (D:2)
  3 hobgoblins
  2 quokkas (D:1)
  3 ball pythons
  4 frilled lizards
  3 kobolds
  4 rats
28 creatures vanquished.

Notes
Turn   | Place    | Note
-------+----------+-------------------------------------------
     0 | D:1      | testman the Gnoll Wanderer began the quest for the Orb.
     0 | D:1      | testman set off with the following items: a +0 club, a
                  | scroll of fog, a +0 chain mail; and the following spells
                  | available to memorise: Sublimation of Blood, Corpse Rot
     0 | D:1      | Reached XP level 1. HP: 13/13 MP: 4/4
   356 | D:1      | Reached XP level 2. HP: 5/19 MP: 5/5
   679 | D:1      | Found Eneu's Antique Armour Shop.
   683 | D:1      | Found a faded altar of an unknown god.
   691 | D:1      | Prayed at the altar of an unknown god.
   691 | D:1      | Became a worshipper of Trog the Wrathful
   691 | D:1      | Reached * piety under Trog
  1038 | D:2      | Found a hazy altar of Hepliaklqana.
  1210 | D:2      | Reached XP level 3. HP: 19/25 MP: 7/7
  2022 | D:3      | Noticed a centaur
  2022 | D:3      | Noticed a necrophage
  2038 | D:3      | Shot with an arrow by a centaur

Illustrated notes

Levels and vault maps discovered:
D:1:      evilmike_arrival_crescent, layout_basic, serial_shops,
          nicolae_shop_trees, ebering_ecumenical_altar_webs,
          columned_hall_lemuel
D:2:      layout_basic, basic_altar
D:3:      layout_basic, mainiacjoe_overflow_surrounded_room, minmay_rat_hole,
          uniq_grinder

Action                   || total
-------------------------++-------
Melee: Club              ||    42
       Bite              ||     5
       Punch             ||     4
       Whip              ||    57
       Mace              ||     3
Invok: Berserk           ||     1
Armor: Chain mail        ||    92
Dodge: Dodged            ||    31

Table legend: (Time is in decaauts)
 A = Elapsed time spent in this place.
 B = Non-inter-level travel time spent in this place.
 C = Inter-level travel time spent in this place.
 D = Time resting spent in this place.
 E = Time spent auto-exploring this place.
 F = Levels seen in this place.
 G = Mean time per level.
                   A        B        C        D        E       F      G
               +--------+--------+--------+--------+--------+-----+--------+
         Total |   2065 |   2040 |     25 |    532 |   1225 |   3 |  688.3 |
       Dungeon |   2065 |   2040 |     25 |    532 |   1225 |   3 |  688.3 |
               +--------+--------+--------+--------+--------+-----+--------+

Top non-repeatable levels by time:
     D:1: 1064 daAuts
     D:2: 937 daAuts
     D:3: 64 daAuts
